 Dungeon Crawl Stone Soup version 0.20-a0-1078-g4874019 (webtiles) character file.

24 Megalobster the Conjurer (level 2, -1/15 HPs)
             Began as a Deep Elf Conjurer on Apr 30, 2017.
             Slain by an adder (4 damage)
             ... on level 1 of the Dungeon.
             The game lasted 00:02:44 (1027 turns).

Megalobster the Conjurer (Deep Elf Conjurer)        Turns: 1027, Time: 00:02:45

Health: -1/15      AC:  2    Str:  5    XL:     2   Next: 79%
Magic:  6/8        EV: 13    Int: 19    God:
Gold:   78         SH:  0    Dex: 15    Spells: 4/7 levels left

rFire    . . .     SeeInvis .   d - +0 dagger
rCold    . . .     Gourm    .   (no shield)
rNeg     . . .     Faith    .   a - +0 robe
rPois    .         Spirit   .   (no helmet)
rElec    .         Reflect  .   (no cloak)
rCorr    .         Harm     .   (no gloves)
MR       .....     Rnd*Tele +   (no boots)
Stlth    ++........             (no amulet)
Regen    0.1/turn               e - ring of teleportation (curse)
MPRegen  0.2/turn               (no ring)

@: lethally poisoned (-1 -> -7)
A: no striking features
a: no special abilities


You were on level 1 of the Dungeon.
You were not hungry.

You visited 1 branch of the dungeon, and saw 2 of its levels.

You collected 78 gold pieces.

Inventory:

Hand Weapons
 d - a +0 dagger (weapon)
 j - a +2 mace of protection
 o - a +0 spear of venom
Missiles
 g - 61 stones (quivered)
Armour
 a - a +0 robe (worn)
Jewellery
 e - a cursed ring of teleportation (left hand)
Scrolls
 m - 2 scrolls of teleportation {unknown}
 n - a scroll of blinking {unknown}
Potions
 h - 2 potions of might {unknown}
 i - a potion of curing {unknown}
 k - a potion of heal wounds {unknown}
 l - a potion of lignification {unknown}
Books
 b - a book of Conjurations

   Spells                             Type                      Level
   a - Magic Dart                     Conjuration                  1
   b - Searing Ray                    Conjuration                  2
   c - Dazzling Spray                 Conjuration/Hexes            3
   d - Fulminant Prism                Conjuration/Hexes            4
   e - Force Lance                    Conjuration/Translocation    4
   f - Iskenderun's Mystic Blast      Conjuration                  4
Comestibles
 c - a bread ration
 f - a chunk of flesh


   Skills:
 - Level 2.4 Dodging
 - Level 2.4 Stealth
 + Level 3.3 Spellcasting
 * Level 5.2 Conjurations


You had 4 spell levels left.
You knew the following spells:

 Your Spells              Type           Power        Failure   Level  Hunger
a - Magic Dart            Conj           ###.         1%          1    None
b - Searing Ray           Conj           ###...       2%          2    ##.....


Dungeon Overview and Level Annotations

Branches:
Dungeon (2/15)

Altars:

Annotations:
D:2 Robin


Message History

You closely miss the goblin. The adder bites you.
The goblin hits you with a dagger. The adder bites you but does no damage.
The goblin hits you but does no damage. The goblin barely misses you.
The adder bites you.
* * * LOW HITPOINT WARNING * * *
You are lethally poisoned!
The adder poisons you!
Unknown command.
Casting: Searing Ray
Confirm with . or Enter, or press ? or * to list all spells.
Aiming: Searing Ray
Press: ? - help, Shift-Dir - straight line, f - adder
Aim: an adder The searing ray hits the adder.
The adder is moderately wounded. (Press . to maintain the ray.)
* * * LOW HITPOINT WARNING * * *
You feel sick. The adder bites you.
You die...

#.# #.......# #.#
#.# ####..### #.#
#.# #...# #.####
#.####### #..##
#..... #.......#
#>.# ######
#.#####.###..#
#..........g.#
#######.###S## #.#
#@# #.# #.# #.#
#.# #.# #.# #.#
#.############ #.#
#............#####
#.#
##.#.#............
#.#
#.#.#.#####.##...
#.#
#.#.#.####.......


You could see an adder and a goblin.

Vanquished Creatures
  An ooze (D:1)
  A dart slug (D:1)
  A bat (D:1)
  2 giant cockroaches (D:1)
  2 goblins (D:1)
  A hobgoblin (D:1)
  3 jackals (D:1)
  A ball python (D:2)
  2 frilled lizards (D:1)
  3 rats (D:1)
17 creatures vanquished.

Notes
Turn   | Place    | Note
-------+----------+-------------------------------------------
     0 | D:1      | Megalobster the Deep Elf Conjurer began the quest for the Orb.
     0 | D:1      | Reached XP level 1. HP: 10/10 MP: 6/6
   216 | D:1      | Reached XP level 2. HP: 15/15 MP: 5/8
   281 | D:1      | Learned a level 2 spell: Searing Ray
   380 | D:1      | Reached skill level 5 in Conjurations
  1021 | D:2      | Noticed Robin
  1027 | D:1      | Slain by an adder

Vault maps used:
D:1:      minmay_arrival_arboretum_small, nrook_mini_vaults,
          minmay_close_crescents
D:2:      uniq_crazy_yiuf_cottage, uniq_terence, uniq_robin

Skill      XL: |  1  2 |
---------------+-------+-----
Conjurations   | 5 |  5.2
Dodging        | |  2.4
Stealth        | |  2.4
Spellcasting   | |  3.3

Action                   || total
-------------------------++-------
Melee: Dagger            ||     3
 Cast: Magic Dart        ||    33
       Searing Ray       ||     3
Armor: Robe              ||     5
Dodge: Dodged            ||     8
